Map: Glittering Ashes LE

Players

Freaktourist - Winner!

  • Race: Zerg Zerg
  • League: Platinum

orbiss

  • Race: Terran Terran
  • League: Platinum

VOD

Have the link to the VOD?

Description

Time

  • Played on: Dec. 3, 2021, 12:26 p.m.
  • Length: 25:22
Show
View Real Time Build Order
Export as new Build Order

Freaktourist Zerg - Winner!

Build Orders: Pool First, Lurkers 

Get SALT Encoding   

  12  0:00  Drone  
  13  0:13  Overlord  
  13  0:16  Drone  
  14  0:31  Drone x2  
  14  0:35  Drone  
  17  0:46  Spawning Pool  
  17  0:47  Drone  
  17  1:10  Hatchery  
  16  1:12  Drone  
  16  1:18  Drone, Extractor  
  17  1:19  Drone  
  18  1:28  Drone  
  19  1:35  Queen  
  19  1:39  Overlord  
  21  1:50  Zergling x2  
  22  2:01  Drone  
  23  2:11  Queen  
  23  2:12  Drone  
  26  2:22  Metabolic Boost  
  26  2:24  Drone x2  
  28  2:39  Drone x2  
  30  2:50  Drone x3, Overlord  
  33  2:58  Drone  
  34  3:10  Spine Crawler  
  33  3:16  Drone x4  
  37  3:26  Drone  
  39  3:27  Drone x4  
  39  3:28  Overlord x2  
  42  3:34  Overlord  
  42  3:44  Lair, Extractor  
  42  3:45  Extractor  
  42  3:48  Queen, Extractor  
  41  3:51  Drone  
  41  3:53  Drone  
  41  3:54  Drone x2  
  45  3:56  Drone x3  
  45  3:58  Drone x3  
  45  4:02  Roach Warren  
  50  4:15  Hatchery  
  49  4:19  Zergling x6  
  49  4:22  Drone  
  53  4:36  Zergling x2  
  53  4:37  Zergling x2  
  55  4:47  Overlord x2  
  55  5:01  Roach x6  
  66  5:09  Glial Reconstitution  
  66  5:14  Roach x3  
  66  5:15  Roach  
  66  5:16  Overlord  
  74  5:24  Drone  
  75  5:29  Overlord x2  
  75  5:31  Overseer  
  75  5:33  Roach  
  75  5:34  Roach x2  
  81  5:51  Roach x2  
  81  5:52  Roach x6  
  81  5:53  Overlord  
  81  5:54  Overlord x2  
  97  6:14  Roach x5  
  97  6:15  Roach x2  
  111  6:18  Spore Crawler  
  111  6:20  Spore Crawler  
  111  6:25  Roach  
  111  6:33  Spore Crawler  
  108  6:40  Roach x2  
  108  6:41  Roach x2  
  113  6:58  Overlord x5  
  111  7:32  Roach x8  
  111  7:33  Roach  
  111  7:35  Ravager  
  130  7:39  Evolution Chamber x2  
  130  7:41  Hydralisk Den  
  127  7:45  Drone x3  
  130  8:03  Drone x3  
  133  8:06  Zerg Ground Armor Level 1, Zerg Missile Weapons Level 1  
  133  8:26  Queen  
  133  8:29  Hatchery  
  133  8:33  Spore Crawler  
  131  8:38  Hydralisk x11  
  153  8:42  Overlord  
  153  8:43  Overlord  
  153  8:56  Overlord x3  
  153  8:59  Muscular Augments  
  153  9:02  Drone x2  
  155  9:03  Drone  
  106  10:00  Hydralisk x2  
  106  10:01  Hydralisk x13  
  136  10:12  Overseer x2  
  136  10:23  Zerg Ground Armor Level 2, Zerg Missile Weapons Level 2  
  136  10:25  Drone x2  
  136  10:26  Drone x4  
  142  10:29  Extractor  
  142  10:31  Extractor  
  140  10:43  Pneumatized Carapace  
  140  10:46  Grooved Spines  
  138  11:03  Extractor  
  129  11:06  Extractor  
  110  11:11  Hydralisk  
  110  11:12  Hydralisk x7  
  104  11:35  Hydralisk x8  
  116  11:52  Drone x6  
  122  11:55  Queen  
  122  12:00  Drone x2  
  126  12:03  Drone  
  125  12:24  Hydralisk x5  
  129  12:34  Drone x7  
  134  12:48  Infestation Pit  
  134  12:50  Lurker Den  
  132  13:04  Queen  
  134  13:11  Drone x10  
  144  13:24  Hatchery  
  144  13:26  Hive  
  143  13:40  Drone x7  
  143  13:41  Drone  
  151  13:44  Roach  
  153  13:51  Lurker x2  
  153  13:52  Lurker x4  
  153  13:54  Lurker, Extractor x2  
  158  13:56  Lurker  
  149  14:45  Hydralisk x2  
  149  14:46  Hydralisk x13  
  149  14:48  Overlord x2  
  149  14:51  Roach  
  129  15:22  Lurker x10  
  137  15:50  Seismic Spines  
  122  16:42  Hatchery  
  122  16:43  Hatchery  
  122  16:46  Zerg Missile Weapons Level 3  
  120  16:47  Adaptive Talons  
  120  16:48  Zerg Ground Armor Level 3  
  120  16:53  Roach  
  120  16:54  Roach x12  
  140  16:58  Overseer  
  146  17:08  Queen  
  100  17:59  Hydralisk x13  
  100  18:00  Hydralisk  
  128  18:35  Hatchery  
  128  18:38  Roach x10  
  147  18:52  Drone x6  
  153  19:01  Extractor x2  
  151  19:13  Queen  
  153  19:21  Ultralisk Cavern  
  152  19:25  Zerg Melee Weapons Level 1  
  152  19:27  Drone x3  
  155  19:34  Spire  
  154  19:48  Queen  
  152  20:00  Roach x17  
  152  20:01  Roach x8  
  197  20:11  Lurker x3  
  194  21:09  Hydralisk  
  194  21:10  Hydralisk x9  
  184  21:32  Ultralisk x2  
  196  21:42  Hatchery  
  185  21:54  Lurker x5  
  185  21:59  Corruptor  
  185  22:00  Ultralisk  
  187  22:09  Ultralisk x2  
  182  22:38  Hydralisk x7  
  188  22:55  Ultralisk  
  188  22:56  Ultralisk  
  200  23:08  Anabolic Synthesis  
  182  23:45  Ultralisk  
  182  23:46  Ultralisk x2  
  200  23:50  Chitinous Plating  
  176  24:13  Hydralisk  
  176  24:14  Hydralisk x19  
  176  24:15  Hydralisk x3  
  175  24:36  Zergling x44  
  175  24:37  Zergling x6  
Show
View Real Time Build Order
Export as new Build Order

orbiss Terran 

Build Orders:  

Get SALT Encoding   

  12  0:01  SCV  
  13  0:13  SCV  
  14  0:17  Supply Depot  
  14  0:25  SCV  
  15  0:38  SCV  
  15  0:41  Barracks  
  16  0:45  Refinery  
  16  0:51  SCV  
  17  1:03  SCV  
  18  1:15  SCV  
  19  1:27  SCV  
  19  1:32  Command Center  
  20  1:33  Reaper  
  21  1:40  Supply Depot  
  21  1:49  Orbital Command  
  21  2:04  Marine  
  21  2:08  Factory  
  22  2:17  SCV  
  23  2:31  SCV  
  23  2:32  Barracks Reactor  
  24  2:47  SCV  
  24  2:49  Refinery, Orbital Command  
  25  2:54  Barracks  
  25  3:03  Hellion, Starport  
  27  3:07  SCV  
  28  3:13  Orbital Command  
  28  3:14  Marine x2  
  30  3:25  Hellion  
  32  3:32  Marine  
  33  3:40  Marine  
  34  3:41  Medivac  
  34  3:46  Command Center, Widow Mine  
  38  3:51  Marine  
  38  3:53  Barracks Tech Lab  
  39  3:58  SCV x2  
  41  4:10  SCV  
  41  4:17  Marine x3  
  42  4:18  SCV  
  46  4:24  Supply Depot  
  46  4:32  SCV x2  
  46  4:33  Hellion  
  46  4:34  Marine  
  46  4:35  Marine  
  46  4:37  Engineering Bay  
  46  4:38  Supply Depot  
  52  4:42  Marine  
  53  4:46  Armory  
  53  4:47  Medivac  
  53  4:48  SCV  
  53  4:52  Stimpack, Marine  
  56  4:59  SCV, Supply Depot  
  58  5:10  SCV  
  58  5:11  SCV, Supply Depot  
  60  5:14  Refinery  
  60  5:18  Factory Reactor  
  60  5:23  SCV x2  
  60  5:27  Terran Infantry Weapons Level 1  
  62  5:29  Orbital Command  
  62  5:35  SCV x2  
  64  5:53  SCV x2  
  66  5:58  Marine  
  66  5:59  Marine x2  
  66  6:00  Widow Mine x2  
  66  6:02  Orbital Command  
  73  6:04  Supply Depot  
  73  6:05  SCV x2  
  75  6:15  Terran Vehicle Weapons Level 1  
  75  6:16  Marine x3, Supply Depot  
  75  6:17  SCV x2  
  80  6:20  Starport Reactor  
  80  6:23  Engineering Bay  
  80  6:26  Barracks  
  80  6:29  SCV  
  81  6:34  Marine x2  
  81  6:39  Refinery  
  73  6:47  Marine  
  73  6:52  Marine x2  
  76  7:05  Marine  
  75  7:10  Marine x2  
  75  7:13  Liberator x2  
  75  7:15  Widow Mine x2  
  82  7:23  Orbital Command, Marine  
  82  7:27  Marine  
  82  7:28  Marine  
  83  7:33  Supply Depot  
  83  7:35  Combat Shield  
  83  7:36  Widow Mine x2  
  85  7:41  Marine  
  86  7:45  SCV x2, Marine  
  86  7:46  Marine  
  86  7:49  Barracks Tech Lab  
  86  7:50  Terran Infantry Weapons Level 2  
  90  7:51  Terran Infantry Armor Level 1  
  90  7:57  SCV  
  90  7:58  SCV, Marine  
  95  8:03  Marine  
  95  8:04  Barracks, Marine  
  95  8:07  Starport Tech Lab  
  95  8:09  SCV  
  95  8:10  SCV  
  95  8:11  Missile Turret  
  97  8:14  Missile Turret  
  97  8:16  Marine x2  
  97  8:18  Widow Mine x2  
  103  8:21  Marine x2  
  103  8:22  SCV  
  106  8:34  Marine x2  
  106  8:39  Marine x2  
  109  8:48  SCV x2  
  109  8:50  Refinery  
  109  8:51  SCV  
  109  8:52  Marine x2  
  114  8:56  Marine  
  114  8:57  Marine  
  114  8:58  Refinery  
  114  9:00  SCV  
  114  9:01  SCV  
  118  9:03  Concussive Shells, SCV  
  118  9:05  Terran Vehicle Weapons Level 2  
  119  9:10  Marauder x2  
  119  9:13  SCV x2  
  125  9:19  SCV, Marine  
  125  9:24  Marine  
  125  9:26  Medivac  
  125  9:27  Medivac  
  124  9:36  Marine  
  125  9:41  Marauder x2  
  104  9:58  Marine x2  
  98  10:02  Marauder  
  98  10:03  Marauder  
  98  10:12  Siege Tank, Medivac  
  98  10:13  SCV, Medivac  
  98  10:14  SCV  
  107  10:15  Marine  
  107  10:16  Marine  
  109  10:24  Marauder x2  
  109  10:26  SCV x2, Orbital Command  
  115  10:33  Marine x2  
  117  10:38  SCV x2  
  119  10:42  Medivac  
  119  10:43  Medivac  
  119  10:44  Terran Infantry Weapons Level 3  
  119  10:45  Marine x2  
  119  10:46  Terran Infantry Armor Level 2  
  125  11:01  Marine x2  
  125  11:02  SCV x2  
  125  11:04  Marauder x2  
  123  11:05  Siege Tank  
  117  11:14  SCV x2  
  104  11:18  Marine x2  
  104  11:24  Marine  
  104  11:25  Marine  
  105  11:26  SCV x2  
  105  11:30  Medivac x2  
  106  11:36  Marine x2  
  106  11:37  Siege Tank  
  110  11:43  Marine x2, Supply Depot  
  110  11:44  SCV  
  110  12:05  Command Center, SCV x2, Marine x4, Medivac  
  117  12:17  SCV  
  117  12:22  Command Center  
  118  12:23  SCV  
  118  12:26  Siege Tank  
  117  12:31  SCV  
  117  12:34  Marauder  
  117  12:35  SCV  
  118  13:05  Terran Ship Weapons Level 1  
  118  13:06  Supply Depot  
  118  13:12  Missile Turret  
  118  13:16  Marine x2, Medivac x2  
  118  13:17  SCV x2, Siege Tank, Marauder x2  
  118  13:19  Barracks  
  133  13:21  Orbital Command  
  133  13:29  SCV x2, Supply Depot  
  135  13:34  Marine x2  
  135  13:37  Planetary Fortress  
  135  13:38  Marauder x2  
  135  13:41  SCV x2  
  143  13:46  Medivac  
  145  13:49  Refinery, Siege Tank  
  145  13:52  Marine x2  
  145  13:53  SCV x2  
  152  14:00  Marauder x2, Supply Depot  
  156  14:05  SCV, Marine x2  
  156  14:08  Barracks Tech Lab  
  159  14:10  Marine x2  
  159  14:14  SCV x3  
  159  14:15  Refinery  
  164  14:21  SCV  
  164  14:22  Marauder x2  
  164  14:23  Marine x2  
  171  14:28  Marine x2  
  140  14:39  Marine  
  140  14:41  Marine  
  140  14:42  Marine  
  140  14:43  Marine  
  142  14:48  SCV x2  
  142  14:49  SCV  
  145  14:57  Marine x4  
  145  14:58  Marine  
  147  15:00  Marine  
  147  15:01  Marauder  
  146  15:15  Marauder  
  146  15:19  Marauder  
  150  15:22  Marauder  
  150  15:24  Marine x4  
  156  15:37  Marauder  
  156  15:39  Marine  
  156  15:41  Marine  
  156  15:42  Marine x2  
  143  16:03  Marine x3  
  143  16:04  Marine x3  
  146  16:21  Liberator  
  149  16:28  Orbital Command  
  149  16:41  Terran Vehicle Weapons Level 3  
  149  16:46  SCV x2  
  151  16:49  Ghost Academy  
  151  17:05  Missile Turret  
  151  17:10  Refinery  
  151  17:13  Refinery  
  151  17:19  Command Center  
  129  17:47  Marine  
  129  17:48  Marine x6  
  131  17:55  Siege Tank  
  131  17:56  Medivac x2  
  138  18:00  SCV x2  
  138  18:01  SCV  
  141  18:05  Marine x2  
  141  18:06  Marine x2, Marauder  
  141  18:07  Marauder x2  
  151  18:23  Marine x3  
  151  18:24  Command Center, Marine  
  155  18:27  Siege Tank, Ghost x2  
  155  18:28  Marauder  
  155  18:30  Sensor Tower  
  164  18:40  Planetary Fortress  
  164  18:41  Marine  
  164  18:43  Liberator x2  
  164  18:48  Command Center, Ghost, Personal Cloaking  
  173  18:56  Ghost x2  
  173  18:59  Siege Tank  
  173  19:01  Marine  
  173  19:02  Marine x3  
  184  19:06  SCV x2  
  184  19:07  SCV  
  187  19:29  Command Center  
  187  19:35  Siege Tank, Marine x4, Marauder  
  187  19:36  Marauder, Supply Depot  
  197  20:03  Missile Turret, Marine  
  197  20:04  Marine x2, Missile Turret  
  197  20:05  Missile Turret  
  197  20:06  Sensor Tower  
  200  20:08  Missile Turret  
  200  20:09  Refinery  
  200  20:21  Orbital Command  
  200  20:23  Orbital Command  
  200  20:33  Refinery  
  200  20:47  Command Center  
  141  21:19  Marine  
  141  21:20  Marine  
  135  21:31  Marine x5  
  136  21:36  Terran Ship Weapons Level 2  
  136  21:37  Marine x2, Terran Infantry Armor Level 3  
  138  21:47  Supply Depot  
  138  21:48  Marine  
  138  21:49  Marine, Marauder x2  
  138  21:50  Marauder  
  146  21:55  Marine x2  
  145  22:11  Marauder x3  
  151  22:20  Orbital Command  
  149  22:29  Orbital Command  
  148  22:32  Marauder x3  
  153  22:41  Marine x4  
  153  22:44  Orbital Command  
  145  22:53  Marauder  
  145  22:54  Marauder x2  
  151  22:59  Marine x4  
  151  23:02  Supply Depot  
  155  23:15  Marauder x3  
  155  23:16  Marine  
  155  23:17  Marine x2  
  156  23:21  Marine  
  150  23:34  Marine  
  150  23:36  Marauder x2  
  150  23:37  Marauder, Marine x2  
  150  23:39  Marine  
  150  23:40  SCV x2  
  150  23:41  SCV x3  
  159  23:46  Command Center  
  159  23:51  Factory  
  159  23:52  Marine  
  159  23:53  Supply Depot  
  159  23:54  Marine  
  159  23:55  Marine  
  162  23:57  Marine  
  162  23:58  Marauder x3  
  169  24:03  Barracks  
  145  24:18  Missile Turret  
  139  24:24  Marine  
  139  24:25  Marine x5  
  139  24:27  Marauder  
  147  24:36  Widow Mine  
  149  24:42  Marine x2  
  149  24:43  Marine x3, Marauder  
  149  24:44  Command Center  
  156  24:48  SCV x2  
  156  24:49  SCV x3  
  161  24:57  Widow Mine  
Tags
 
Add a new tag
Caveats
  • Supply blocks, unpowered buildings, or Contaminate may cause inaccurate times.
  • Supply counts are checked every 10 seconds.